 Dungeon Crawl Stone Soup version 0.19.0-24-gb05acd6 (webtiles) character file.

42005 Krapule the Fighter (level 13, -24/187 HPs)
             Began as a Minotaur Berserker on Nov 20, 2016.
             Was a High Priest of Trog.
             Annihilated by an ettin
             ... wielding a +0 dire flail
              (35 damage)
             ... on level 2 of the Orcish Mines.
             The game lasted 00:55:22 (15050 turns).

Krapule the Fighter (Minotaur Berserker)           Turns: 15050, Time: 00:55:25

Health: -24/187    AC: 23    Str: 37    XL:     13   Next: 83%
Magic:  5/5        EV: 15    Int:  9    God:    Trog [*****.]
Gold:   782        SH:  0    Dex: 12    Spells: 0 memorised, 12 levels left

rFire  . . .     SeeInvis +     S - +3 triple sword (antimagic)
rCold  + . .     Gourm    .     D - +2 plate armour {rC+}
rNeg   . . .     Faith    +     (shield currently unavailable)
rPois  .         Spirit   .     P - +2 hat {Int+3}
rElec  .         Reflect  .     (no cloak)
rCorr  .         Harm     .     Y - +0 pair of gloves {Str+3}
MR     .....                    H - +0 pair of boots
Stlth  ..........               B - amulet of faith
                                s - ring of Meism {Str+4 Dex+2 Slay+3}
                                l - ring of see invisible

@: berserking, very slightly contaminated, very quick
A: retaliatory headbutt, horns 2
a: Berserk, Trog's Hand, Brothers in Arms, Burn Spellbooks, Renounce Religion


You were on level 2 of the Orcish Mines.
You worshipped Trog.
Trog was extremely pleased with you.
You were hungry.

You visited 3 branches of the dungeon, and saw 16 of its levels.
You also visited: Sewer.

You collected 1353 gold pieces.
You spent 571 gold pieces at shops.

Inventory:

Hand Weapons
 a - a +4 long sword of holy wrath
 b - the +8 falchion "Osmuw" {slice, rPois rC+ MR++ Dex+2}
   (You found it on level 4 of the Dungeon)

   It inflicts extra damage upon your enemies.
   It affects your dexterity (+2).
   It protects you from cold.
   It protects you from poison.
   It affects your resistance to hostile enchantments.
 S - a +3 antimagic triple sword (weapon)
Armour
 D - a +2 plate armour of cold resistance (worn)
 H - a +0 pair of boots (worn)
 N - a cursed -1 plate armour
 P - a +2 hat of intelligence (worn)
 Y - a +0 pair of gloves of strength (worn)
Jewellery
 i - an uncursed ring of resist corrosion
 l - a ring of see invisible (left hand)
 s - the ring of Meism (right hand) {Str+4 Dex+2 Slay+3}
   (You found it on level 6 of the Dungeon)

   [ring of dexterity]

   It affects your strength (+4).
   It affects your dexterity (+2).
   It affects your accuracy and damage with ranged weapons and melee attacks
   (+3).
 w - a +2 amulet of reflection
 y - an uncursed ring of teleportation
 B - an amulet of faith (around neck)
 E - an uncursed ring of flight
 F - an uncursed ring of fire
Wands
 m - a wand of polymorph (11/24)
 G - a wand of paralysis (9/24)
 K - a wand of lightning (6/15)
 Q - a wand of flame (13/48)
 T - a wand of lightning (9/15)
Scrolls
 d - 3 scrolls of teleportation
 f - a scroll of holy word {unknown}
 g - 6 scrolls of identify
 u - a scroll of noise {unknown}
 v - 2 scrolls of enchant armour {unknown}
 x - 2 scrolls of magic mapping {unknown}
 z - 3 scrolls of fear {unknown}
 A - 6 scrolls of blinking
 O - 3 scrolls of immolation {unknown}
Potions
 e - 2 potions of heal wounds
 o - 3 potions of haste
 q - 5 potions of curing
 r - 2 potions of brilliance
 M - 2 potions of invisibility
 V - a potion of mutation {unknown}
 W - a potion of cancellation
Miscellaneous
 k - a sack of spiders
Comestibles
 c - 5 bread rations
 j - 25 royal jellies


   Skills:
 * Level 14.4 Fighting
 + Level 11.9 Long Blades
 * Level 14.3 Armour
 * Level 13.0 Dodging
 + Level 6.8 Evocations


You had 12 spell levels left.
You didn't know any spells.

Dungeon Overview and Level Annotations

Branches:
Dungeon (13/15)            Temple (0/1) D:4            Lair (1/6) D:11
    Orc (2/2) D:12            Elf (0/3) Orc:2        Vaults (0/5) D:13

Altars:
Ashenzari

Shops:
D:10 ?(   D:11 [!(}}   D:12 (   D:13 [   Orc:2 :([[


Innate Abilities, Weirdness & Mutations

You reflexively headbutt those who attack you in melee.
You have a pair of horns on your head.


Message History

The cyclops hits you.
* * * LOW HITPOINT WARNING * * *
You chop the cyclops into pieces!!!
You kill the cyclops!
Trog accepts your kill.
All of the chunks of flesh in your inventory have rotted away.
You start resting.
An ettin comes into view.
It is wielding a dire flail and a dire flail of protection.
A red film seems to cover your vision as you go berserk!
You feel yourself moving faster!
You feel mighty!
You are feeling hungry.
The ettin closely misses you. You furiously retaliate!
You headbutt the ettin! The ettin hits you but does no damage.
You slash the ettin!
You headbutt the ettin, but do no damage.
The ettin is moderately wounded.
The ettin hits you with a dire flail!!
* * * LOW HITPOINT WARNING * * *
The ettin hits you with a dire flail of protection!!
You die...

###........#.
#.............#######
..PP..........#.#.#.##
.P...P.....#.........##
.o........# #.#.#.....##
....8.....# #...#.....#
..o....P..# #.......#
P...∩.....# ###.>C....#
..........##.###@#...##
......P..(....####.......#
....()P.(.#...#####.......#
...P..o..##......##........
......(..#.................
.....(#)o#o...o.P.......#..
.........).P.o...P....... .
........(.o...............
.#.......)....∩)...


You could see an ettin.

Vanquished Creatures
  An orc warlord (D:12)
  A stone giant (Orc:2)
  An ettin (Orc:2)
  2 vault guards (D:13)
  2 centaur warriors (D:13)
  The ghost of Ladykiller69 the Cleaver, a novice FoFi of Cheibriados (D:9)
  A wizard (D:13)
  3 hill giants
  A necromancer (D:13)
  An orc knight (Orc:1)
  3 orc sorcerers
  A deep elf mage (D:11)
  5 ugly things
  8 cyclopes
  3 manticores
  Joseph (D:7)
  A centaur zombie (D:12)
  2 centaur skeletons (D:13)
  A gargoyle (D:11)
  Maurice (Orc:1)
  5 trolls
  3 meliai (D:12)
  A queen bee (D:12)
  The ghost of Kenran the Cleaver, an amateur MiCK of Xom (D:4)
  5 hornets
  4 two-headed ogres
  5 hippogriffs
  A shadow (D:12)
  A basilisk (D:13)
  A wraith (D:11)
  8 yaks
  15 humans (D:13)
  A naga (shapeshifter) (D:13)
  2 wargs
  A soldier ant (D:11)
  2 water moccasins
  24 orc warriors
  A hornet zombie (D:8)
  A black bear (D:11)
  A sky beast (D:9)
  6 ice beasts
  2 phantoms (D:8)
  An eye of draining (D:9)
  8 centaurs
  12 ogres
  A crocodile (D:11)
  5 big kobolds
  10 bullfrogs
  The ghost of asdu the Ruffian, an amateur VSMo (D:6)
  A gnoll sergeant (D:4)
  3 scorpions
  26 killer bees
  4 howler monkeys
  7 wights
  4 electric eels
  4 bullfrog zombies
  8 crimson imps
  17 orc priests
  4 hounds
  7 jellies
  21 orc wizards
  A quasit (D:12)
  2 bullfrog skeletons
  Jessica (D:3)
  6 iguanas
  Natasha (twice) (D:3)
  8 worker ants
  A hound skeleton (D:7)
  3 gnolls (D:4)
  14 adders
  2 river rats (Sewer)
  7 shadow imps
  A white imp (D:13)
  9 oozes
  3 adder skeletons
  5 worms
  3 dart slugs
  2 leopard geckos
  70 orcs
  7 bats
  8 giant cockroaches
  6 goblins
  8 hobgoblins
  8 jackals
  2 quokkas
  6 ball pythons
  4 frilled lizards
  17 kobolds
  7 rats
488 creatures vanquished.

Vanquished Creatures (collateral kills)
  An orc warlord (Orc:2)
  2 vault guards (D:13)
  A hydra (D:12)
  An orc sorcerer (Orc:2)
  A centaur zombie (D:13)
  A yaktaur (D:13)
  3 trolls
  3 humans (D:13)
  2 wargs
  5 orc warriors
  An eye of draining (D:12)
  2 ogres (Orc:2)
  3 orc priests
  An orc wizard (Orc:2)
  6 orcs
33 creatures vanquished.

Vanquished Creatures (others)
  9 fungi (Orc:2)
9 creatures vanquished.

Grand Total: 530 creatures vanquished

Notes
Turn   | Place    | Note
-------+----------+-------------------------------------------
     0 | D:1      | Krapule the Minotaur Berserker began the quest for the Orb.
     0 | D:1      | Reached XP level 1. HP: 19/19 MP: 0/0
   326 | D:1      | Reached XP level 2. HP: 19/27 MP: 1/1
  1067 | D:2      | Reached XP level 3. HP: 25/33 MP: 2/2
  1388 | D:2      | Reached ** piety under Trog
  1559 | D:2      | Reached XP level 4. HP: 32/40 MP: 3/3
  1654 | D:3      | Reached XP level 5. HP: 47/47 MP: 4/4
  1709 | D:3      | Noticed Natasha
  1728 | D:3      | Killed Natasha
  1797 | D:3      | Noticed Jessica
  2216 | D:3      | Reached skill level 5 in Long Blades
  2336 | D:3      | Killed Jessica
  2336 | D:3      | Reached skill level 5 in Fighting
  2419 | D:3      | Noticed Natasha
  2422 | D:3      | Killed Natasha
  2576 | D:4      | Found a staircase to the Ecumenical Temple.
  2585 | D:4      | Got a pitted falchion
  2586 | D:4      | Identified the +8 falchion "Osmuw" {slice, rPois rC+ MR++ Dex+2} (You found it on level 4 of the Dungeon)
  2661 | D:4      | Reached XP level 6. HP: 56/56 MP: 5/5
  2745 | D:4      | Noticed Kenran's ghost (amateur MiCK)
  2754 | D:4      | Reached *** piety under Trog
  2758 | D:4      | Killed Kenran's ghost
  2758 | D:4      | Reached skill level 5 in Armour
  2758 | D:4      | Reached XP level 7. HP: 51/62 MP: 6/6
  2814 | D:4      | Found a glowing drain.
  2822 | Sewer    | Entered a sewer
  3071 | Sewer    | Reached skill level 5 in Dodging
  3563 | D:5      | Entered Level 5 of the Dungeon
  3572 | D:4      | Reached XP level 8. HP: 44/71 MP: 7/7
  3917 | D:5      | Reached **** piety under Trog
  4588 | D:6      | Got a transparent steel ring
  4590 | D:6      | Identified the ring of Meism {Str+4 Dex+2 Slay+3} (You found it on level 6 of the Dungeon)
  4684 | D:6      | Noticed asdu's ghost (amateur VSMo)
  4717 | D:6      | Killed asdu's ghost
  5035 | D:7      | Noticed Joseph
  5036 | D:7      | Noticed a hippogriff
  5249 | D:7      | Reached XP level 9. HP: 81/81 MP: 8/8
  5296 | D:7      | Killed Joseph
  5973 | D:8      | Reached ***** piety under Trog
  5996 | D:8      | Reached XP level 10. HP: 92/92 MP: 9/9
  6184 | D:8      | Reached skill level 10 in Fighting
  6334 | D:8      | Identified Faemum's Compendium of Igneous Cold
  6618 | D:8      | Reached skill level 10 in Long Blades
  7299 | D:9      | Reached skill level 1 in Evocations
  7333 | D:9      | Noticed Ladykiller69's ghost (novice FoFi)
  7341 | D:9      | Killed Ladykiller69's ghost
  7341 | D:9      | Reached skill level 10 in Armour
  7681 | D:10     | Entered Level 10 of the Dungeon
  8249 | D:10     | Found Kechyb's Antique Weapon Shop.
  8269 | D:10     | Bought a glowing long sword for 256 gold pieces
  8327 | D:10     | Found Camerauwi's Magic Scroll Shoppe.
  8328 | D:10     | Noticed a hill giant
  8335 | D:10     | Killed a hill giant
  8335 | D:10     | Reached XP level 11. HP: 102/102 MP: 12/12
  8340 | D:10     | Bought a scroll of blinking for 120 gold pieces
  8343 | D:10     | Got a translucent garnet amulet
  8362 | D:10     | Identified the amulet "Lisupyehuq" {Inacc Dex+2} (You found it on level 10 of the Dungeon)
  8803 | D:11     | Found Zicyhoos's Antique Weapon Emporium.
  8817 | D:11     | Noticed a brown ugly thing
  8839 | D:11     | Killed a brown ugly thing
  8959 | D:11     | Found Ufuddam's Distillery.
  8979 | D:11     | Found a shattered altar of Ashenzari.
  8979 | D:11     | Noticed a deep elf mage
  8986 | D:11     | Killed a deep elf mage
  9018 | D:11     | Found a staircase to the Lair.
  9048 | D:11     | Found Kymilee's Armour Emporium.
  9083 | D:11     | Noticed a hill giant
  9088 | D:11     | Killed a hill giant
  9088 | D:11     | Reached skill level 10 in Dodging
  9279 | D:11     | Found Itirph's Gadget Emporium.
  9389 | D:11     | Found Xoraare's Gadget Boutique.
  9458 | D:11     | Reached ****** piety under Trog
  9875 | D:12     | Reached skill level 5 in Evocations
 10630 | D:12     | Received a gift from Trog
 10654 | D:12     | Reached XP level 12. HP: 102/112 MP: 5/15
 10938 | D:12     | Found a staircase to the Orcish Mines.
 10986 | D:12     | Noticed a five-headed hydra
 10992 | D:12     | Killed a four-headed hydra
 11342 | D:12     | Found Qeicer's Weapon Shoppe.
 11797 | D:13     | Noticed a centaur warrior
 11805 | D:13     | Killed a centaur warrior
 12152 | D:13     | Noticed a vault guard
 12155 | D:13     | Noticed a vault guard
 12157 | D:13     | Received a gift from Trog
 12160 | D:13     | Noticed a vault guard
 12160 | D:13     | Noticed a vault guard
 12162 | D:13     | Killed a vault guard
 12166 | D:13     | Killed a vault guard
 12172 | D:13     | Killed a vault guard
 12174 | D:13     | Killed a vault guard
 12176 | D:13     | Reached XP level 13. HP: 92/122 MP: 5/16
 12213 | D:13     | Found a gate to the Vaults.
 12274 | D:13     | Found Zuasch's Armour Shoppe.
 12285 | D:13     | Bought a +0 pair of gloves of strength for 195 gold pieces
 12993 | Lair:1   | Entered Level 1 of the Lair of Beasts
 13148 | Orc:1    | Entered Level 1 of the Orcish Mines
 13158 | Orc:1    | Noticed Maurice
 13163 | Orc:1    | Killed Maurice
 13172 | Orc:1    | Received a gift from Trog
 13173 | Orc:1    | Noticed an orc warlord
 13444 | D:12     | Killed an orc warlord
 13747 | Orc:2    | Entered Level 2 of the Orcish Mines
 13998 | Orc:1    | Received a gift from Trog
 14264 | Orc:2    | Found Coraajar's Antique Armour Emporium.
 14269 | Orc:2    | Found Gutua's Antique Armour Emporium.
 14270 | Orc:2    | Noticed an ettin
 14315 | Orc:2    | Killed an ettin
 14814 | Orc:2    | Found Mobboenn's Antique Weapon Emporium.
 14822 | Orc:2    | Found Hoyn's Book Shop.
 14827 | Orc:2    | Noticed a stone giant
 14840 | Orc:2    | Killed a stone giant
 14956 | Orc:2    | Noticed an orc warlord
 14975 | Orc:2    | Killed an orc warlord
 14998 | Orc:2    | Noticed an ettin
 15000 | Orc:2    | Noticed an orc warlord
 15008 | Orc:2    | Found a staircase to the Elven Halls.
 15049 | Orc:2    | Noticed an ettin
 15050 | Orc:2    | Annihilated by an ettin

Skill      XL: |  1  2  3  4  5  6  7  8  9 10 11 12 13 |
---------------+----------------------------------------+-----
Armour         | 3 4 5 7 9 10 11 13 14 | 14.3
Fighting       | 4 5 6 8 9 11 12 13 14 | 14.4
Long Blades    | 4 5 6 8 9 10 11 | 11.9
Dodging        | 3 4 5 6 8 9 10 12 13 | 13.0
Evocations     | 2 5 6 |  6.8

Action                   |  1- 3 |  4- 6 |  7- 9 | 10-12 | 13-15 || total
-------------------------+-------+-------+-------+-------+-------++-------
Melee: Falchion          |    74 |    89 |   228 |   289 |       ||   680
       Headbutt          |    18 |    14 |    53 |   111 |    52 ||   248
       Triple sword      |       |       |       |   118 |   194 ||   312
Invok: Berserk           |       |     2 |     4 |     6 |     5 ||    17
       Trog's Hand       |       |       |     1 |     2 |     3 ||     6
       Brothers in Arms  |       |       |       |     2 |     2 ||     4
  Use: Scroll            |       |     1 |     8 |     7 |     2 ||    18
       Potion            |       |       |     1 |       |     1 ||     2
  Eat: Chunk             |     2 |     5 |    16 |    20 |    17 ||    60
       Fruit             |       |       |       |     5 |       ||     5
       Beef jerky        |       |       |       |     1 |       ||     1
Armor: Animal skin       |     2 |       |       |       |       ||     2
       Ring mail         |    21 |    18 |    31 |       |       ||    70
       Chain mail        |       |       |    13 |       |       ||    13
       Plate armour      |       |       |    17 |   205 |   146 ||   368
Dodge: Dodged            |    43 |    49 |   111 |   226 |   186 ||   615
Block: Other             |       |       |     7 |       |       ||     7
       Rpst.: Falchion   |    14 |    15 |    29 |    26 |       ||    84
       Triple sword      |       |       |       |    16 |    33 ||    49
